 Dungeon Crawl Stone Soup version 0.27.0-1-g7a089689b8 (webtiles) character file.

Game seed: 1920884267061369994

688 PBDoughboyy the Grasshopper (level 7, -3/84 HPs)
             Began as a Gnoll Warper on Aug 6, 2021.
             Slain by a water moccasin (8 damage)
             ... on level 6 of the Dungeon.
             The game lasted 00:29:08 (6645 turns).

PBDoughboyy the Grasshopper (Gnoll Warper)          Turns: 6645, Time: 00:29:09

Health: -3/84      AC:  3    Str: 10    XL:     7   Next: 63%
Magic:  15/15      EV: 12    Int: 18    God:
Gold:   191        SH:  4    Dex: 11    Spells: 7/17 levels left

rFire    . . .     SeeInvis .   v - +1 hand axe (vorpal)
rCold    . . .     Faith    .   r - +0 buckler
rNeg     . . .     Spirit   .   b - +0 leather armour
rPois    .         Reflect  .   w - +0 hat {Int+3}
rElec    .         Harm     .   (no cloak)
rCorr    .         Rampage  .   (no gloves)
Will     .....                  (no boots)
Stlth    ..........             (no amulet)
HPRegen  0.24/turn              (no ring)
MPRegen  0.14/turn              (no ring)

@: berserking, lethally poisoned (-3 -> -19), very quick
A: fangs 1, strong nose, distributed training
a: no special abilities


You were on level 6 of the Dungeon.
You visited 1 branch of the dungeon, and saw 6 of its levels.

You collected 191 gold pieces.

Inventory:

Hand Weapons
 t - a +1 mace of holy wrath
 v - a +1 vorpal hand axe (weapon)
Missiles
 d - 4 boomerangs of dispersal
 n - 19 poisoned darts (quivered)
 u - 5 boomerangs
Armour
 b - a +0 leather armour (worn)
 p - a +1 helmet
 r - a +0 buckler (worn)
 s - a +0 ring mail
 w - a +0 hat of intelligence (worn)
Magical Staves
 i - a staff of cold
Jewellery
 m - a +6 ring of strength
Wands
 o - a wand of iceblast (4)
Scrolls
 a - a scroll of amnesia {unknown}
 c - 2 scrolls of blinking
 f - 2 scrolls of magic mapping {unknown}
 h - 2 scrolls of fog {unknown}
 k - a scroll of enchant weapon {unknown}
 l - 5 scrolls of identify {unknown}
 q - a scroll of vulnerability {unknown}
 x - 3 scrolls of noise {unknown}
 y - a scroll of teleportation {unknown}
Potions
 e - a potion of heal wounds {unknown}
 g - a potion of berserk rage
 j - a potion of might {unknown}
 z - 3 potions of attraction {unknown}
 A - a potion of lignification {unknown}


   Skills:
 + Level 5.3 Fighting
 + Level 2.6 Short Blades
 + Level 5.3 Long Blades
 + Level 2.6 Axes
 + Level 2.6 Maces & Flails
 + Level 2.6 Polearms
 + Level 2.6 Staves
 + Level 2.6 Slings
 + Level 2.6 Bows
 + Level 2.6 Crossbows
 + Level 3.7 Throwing
 + Level 3.7 Armour
 + Level 5.3 Dodging
 + Level 2.6 Stealth
 + Level 2.6 Shields
 + Level 2.6 Unarmed Combat
 + Level 5.7 Spellcasting
 + Level 2.1 Conjurations
 + Level 2.1 Hexes
 + Level 2.1 Summonings
 + Level 2.1 Necromancy
 + Level 5.9 Translocations
 + Level 2.1 Transmutations
 + Level 2.1 Fire Magic
 + Level 2.1 Ice Magic
 + Level 2.1 Air Magic
 + Level 2.1 Earth Magic
 + Level 2.1 Poison Magic
 + Level 2.9 Invocations
 + Level 2.6 Evocations


You had 7 spell levels left.
You knew the following spells:

 Your Spells              Type           Power      Damage    Failure   Level
a - Blink                 Tloc           N/A        N/A       2%          2
b - Teleport Other        Tloc           26%        N/A       4%          3
c - Gell's Gravitas       Tloc           13%        N/A       4%          3
d - Poisonous Vapours     Pois/Air       24%        N/A       12%         2

Your spell library contained the following spells:

 Spells                   Type           Power      Damage    Failure   Level
 Lesser Beckoning         Tloc           13%        N/A       4%          3
 Corpse Rot               Necr/Air       N/A        N/A       12%         2
 Slow                     Hex            12%        N/A       12%         2
 Confusing Touch          Hex            12%        N/A       24%         3
 Manifold Assault         Tloc           26%        N/A       43%         5
 Freezing Cloud           Conj/Ice/Air   6%         6-21      92%         5
 Yara's Violent Unravell  Hex/Tmut       6%         3d5       92%         5
 Dispersal                Tloc           13%        N/A       95%         6
 Conjure Ball Lightning   Conj/Air       6%         3x3d6     100%        6
 Discord                  Hex            6%         N/A       100%        8
 Disjunction              Tloc           13%        N/A       100%        8


Dungeon Overview and Level Annotations

Branches:
Dungeon (6/15)
 Temple: D:4-7

Altars:
Elyvilon
Sif Muna
Uskayaw

Shops:
D:3 (   D:5 [

Annotations:
D:4 Sigmund
D:5 2 transporters
D:6 1 runed translucent door, Edmund


Innate Abilities, Weirdness & Mutations

You have very sharp teeth.
Your uncanny sense of smell can sniff out nearby items.
Your experience applies equally to all skills.


Message History

You are poisoned.
The water moccasin poisons you! The water moccasin bites you!
You slash the water moccasin!
The water moccasin is heavily wounded.
You feel very sick.
The water moccasin bites you but does no damage.
You hit the water moccasin.
The water moccasin is severely wounded.
You feel very sick. You block the water moccasin's attack.
The water moccasin bites you.
You are more poisoned.
The water moccasin poisons you!
You closely miss the water moccasin.
The water moccasin is severely wounded.
You feel very sick.
The water moccasin looks more healthy.
The water moccasin bites you but does no damage.
You block the water moccasin's attack.
You barely miss the water moccasin.
The water moccasin is almost dead.
You feel very sick. The water moccasin bites you. The water moccasin bites you!
* * * LOW HITPOINT WARNING * * *
You hit the water moccasin.
The water moccasin is almost dead.
* * * LOW HITPOINT WARNING * * *
You feel very sick. The water moccasin bites you.
* * * LOW HITPOINT WARNING * * *
You are lethally poisoned!
The water moccasin poisons you!
It was a potion of berserk rage.
A red film seems to cover your vision as you go berserk!
You feel yourself moving faster!
You feel mighty!
* * * LOW HITPOINT WARNING * * *
You feel very sick. The water moccasin bites you.
* * * LOW HITPOINT WARNING * * *
The water moccasin bites you!
You die...

.#........####...........#
._...^......###
#...........#
.....#..#...# #.........##
.....#..##..# #...##.####
.... #..##..# ######..##
######.###..##### ##..## #
............# ##..##.
............#### ##.#..
.........@S....# ##...
...........(##..# #...
........#...... #...
....#####......(# #...
.... ##......# #####.. #..
.###..# #.(.... .+p#.##
#...... .###.# ##..<..
#.....


You could see a water moccasin and a neutral human (wandering).

Vanquished Creatures
  A necrophage (D:5)
  An ogre (D:5)
  A phantom (D:4)
  A gnoll sergeant (D:6)
  A water moccasin skeleton (D:5)
  Crazy Yiuf (D:3)
  A bullfrog skeleton (D:5)
  2 orc wizards
  A killer bee zombie (D:5)
  A hound zombie (D:5)
  A hound skeleton (D:4)
  Robin (D:3)
  4 gnolls (D:6)
  5 adders
  An ufetubus (D:5)
  3 worms
  A dart slug (D:2)
  9 orcs
  4 ball pythons
  7 endoplasms
  A giant cockroach (D:3)
  14 goblins
  8 hobgoblins
  3 jackals (D:1)
  A quokka (D:2)
  5 bats
  3 frilled lizards
  2 kobolds (D:1)
  A quokka skeleton (D:4)
  5 rats
90 creatures vanquished.

Notes
Turn   | Place    | Note
-------+----------+-------------------------------------------
     0 | D:1      | PBDoughboyy the Gnoll Warper began the quest for the Orb.
     0 | D:1      | Reached XP level 1. HP: 20/20 MP: 6/6
   126 | D:1      | Reached XP level 2. HP: 25/26 MP: 7/7
   746 | D:1      | Reached XP level 3. HP: 26/31 MP: 9/9
   821 | D:1      | Learned a level 2 spell: Blink
   857 | D:2      | Reached skill level 5 in Spellcasting
  1125 | D:2      | Reached skill level 1 in Invocations
  1171 | D:2      | Found a shimmering blue altar of Sif Muna.
  1204 | D:2      | Reached skill level 1 in Short Blades
  1204 | D:2      | Reached skill level 1 in Axes
  1204 | D:2      | Reached skill level 1 in Maces & Flails
  1204 | D:2      | Reached skill level 1 in Polearms
  1204 | D:2      | Reached skill level 1 in Staves
  1204 | D:2      | Reached skill level 1 in Slings
  1204 | D:2      | Reached skill level 1 in Bows
  1204 | D:2      | Reached skill level 1 in Crossbows
  1204 | D:2      | Reached skill level 1 in Stealth
  1204 | D:2      | Reached skill level 1 in Shields
  1204 | D:2      | Reached skill level 1 in Unarmed Combat
  1204 | D:2      | Reached skill level 1 in Evocations
  1476 | D:2      | Reached XP level 4. HP: 23/38 MP: 11/11
  1653 | D:2      | Learned a level 3 spell: Teleport Other
  1975 | D:3      | Found a shimmering blue altar of Sif Muna.
  2035 | D:3      | Found Zuidojae's Antique Weapon Shop.
  2063 | D:3      | Noticed Robin
  2465 | D:3      | Killed Robin
  2466 | D:3      | Reached skill level 1 in Conjurations
  2466 | D:3      | Reached skill level 1 in Hexes
  2466 | D:3      | Reached skill level 1 in Summonings
  2466 | D:3      | Reached skill level 1 in Necromancy
  2466 | D:3      | Reached skill level 1 in Transmutations
  2466 | D:3      | Reached skill level 1 in Fire Magic
  2466 | D:3      | Reached skill level 1 in Ice Magic
  2466 | D:3      | Reached skill level 1 in Air Magic
  2466 | D:3      | Reached skill level 1 in Earth Magic
  2466 | D:3      | Reached skill level 1 in Poison Magic
  2821 | D:3      | Reached XP level 5. HP: 8/43 MP: 12/12
  3442 | D:3      | Found a runed translucent door.
  3443 | D:3      | Noticed Crazy Yiuf
  3730 | D:3      | Killed Crazy Yiuf
  4463 | D:4      | Noticed a phantom
  4486 | D:4      | Killed a phantom
  4487 | D:4      | Reached skill level 5 in Fighting
  4487 | D:4      | Reached skill level 5 in Long Blades
  4487 | D:4      | Reached skill level 5 in Dodging
  4487 | D:4      | Reached XP level 6. HP: 20/51 MP: 14/14
  4932 | D:4      | Noticed Sigmund
  4977 | D:5      | Entered Level 5 of the Dungeon
  5278 | D:5      | Noticed a necrophage
  5291 | D:5      | Killed a necrophage
  5292 | D:5      | Reached XP level 7. HP: 41/56 MP: 15/15
  5414 | D:5      | Found a white marble altar of Elyvilon.
  5465 | D:5      | Found a transporter.
  5471 | D:5      | Found Lucybul's Antique Armour Emporium.
  5513 | D:5      | Found a transporter.
  6009 | D:5      | Learned a level 3 spell: Gell's Gravitas
  6012 | D:5      | Learned a level 2 spell: Poisonous Vapours
  6193 | D:6      | Noticed Edmund
  6347 | D:6      | Found a hide-covered altar of Uskayaw.
  6632 | D:6      | Found a runed translucent door.
  6632 | D:6      | Noticed a human
  6645 | D:6      | Slain by a water moccasin

Illustrated notes

Levels and vault maps discovered:
D:1:      erik_arrival_triangle_small, layout_basic, minmay_misc_feat_ornament,
          minmay_tromino_i4
D:2:      layout_rooms, basic_altar, hex_medium, minmay_misc_feat_x
D:3:      layout_loops_ring, nicolae_sif_muna_condensation,
          portal_sewer_entry_d, serial_shops, shop, kennysheep_generic_room_8,
          uniq_robin, uniq_crazy_yiuf_cottage
D:4:      layout_loops_corners, kennysheep_generic_room_15, uniq_sigmund
D:5:      gammafunk_cloud_chamber, layout_gridville,
          mainiacjoe_overflow_surrounded_room, serial_shops,
          nicolae_diamond_shop
D:6:      layout_cave_pods, dk_yredelemnul_ordeal, lemuel_tele_altar,
          temple_doors_e, minmay_between, uniq_eustachio, uniq_edmund

Skill      XL: |  1  2  3  4  5  6  7 |
---------------+----------------------+-----
Spellcasting   | 5 |  5.7
Invocations    | 1 2 |  2.9
Short Blades   | 1 2 |  2.6
Axes           | 1 2 |  2.6
Maces & Flails | 1 2 |  2.6
Polearms       | 1 2 |  2.6
Staves         | 1 2 |  2.6
Slings         | 1 2 |  2.6
Bows           | 1 2 |  2.6
Crossbows      | 1 2 |  2.6
Stealth        | 1 2 |  2.6
Shields        | 1 2 |  2.6
Unarmed Combat | 1 2 |  2.6
Evocations     | 1 2 |  2.6
Conjurations   | 1 2 |  2.1
Hexes          | 1 2 |  2.1
Summonings     | 1 2 |  2.1
Necromancy     | 1 2 |  2.1
Transmutations | 1 2 |  2.1
Fire Magic     | 1 2 |  2.1
Ice Magic      | 1 2 |  2.1
Air Magic      | 1 2 |  2.1
Earth Magic    | 1 2 |  2.1
Poison Magic   | 1 2 |  2.1
Throwing       | 3 |  3.7
Armour         | 3 |  3.7
Fighting       | 5 |  5.3
Long Blades    | 5 |  5.3
Dodging        | 5 |  5.3
Translocations | |  5.9

Action                   |  1- 3 |  4- 6 |  7- 9 || total
-------------------------+-------+-------+-------++-------
Melee: Falchion          |   132 |   103 |       ||   235
       Bite              |    12 |    10 |     4 ||    26
       Punch             |     1 |       |       ||     1
       Mace              |       |    47 |     6 ||    53
       Hand axe          |       |    40 |    38 ||    78
Throw: Dart              |       |       |    23 ||    23
       Boomerang         |       |       |     1 ||     1
 Cast: Blink             |       |     6 |       ||     6
       Teleport Other    |       |     5 |       ||     5
Evoke: Wand              |       |     6 |       ||     6
  Use: Potion            |       |       |     1 ||     1
 Stab: Sleeping          |     1 |       |       ||     1
Armor: Leather armour    |    48 |    52 |     7 ||   107
       Ring mail         |       |     1 |       ||     1
Dodge: Dodged            |    73 |   115 |    31 ||   219
Block: Buckler           |       |    19 |    13 ||    32
       Rpst.: Falchion   |    23 |    15 |       ||    38
